 Dungeon Crawl Stone Soup version 0.28-a0-1152-g9c71ebef14 (webtiles) character file.

Game seed: 478913227240227494

184 spaghetti the Sneak (level 5, -8/42 HPs)
             Began as a Demonspawn Delver on Dec 14, 2021.
             Was an Initiate of Cheibriados.
             Mangled by an ogre (21 damage)
             ... on level 2 of the Dungeon.
             The game lasted 00:02:17 (1530 turns).

spaghetti the Sneak (Demonspawn Delver)             Turns: 1530, Time: 00:02:17

Health: -8/42      AC:  3    Str: 16    XL:     5   Next: 36%
Magic:  5/5        EV: 12    Int: 12    God:    Cheibriados [......]
Gold:   33         SH:  0    Dex: 15    Spells: 4/4 levels left

rFire   . . .      SeeInvis .   m - +2 dagger (venom) {short}
rCold   . . .      Faith    .   (no shield)
rNeg    . . .      Spirit   .   b - +0 leather armour
rPois   .          Reflect  .   (helmet restricted)
rElec   .          Harm     .   (no cloak)
rCorr   .          Rampage  .   (no gloves)
Will    .....                   (no boots)
Stlth   +++.......              (no amulet)
HPRegen 0.14/turn               (no ring)
MPRegen 0.09/turn               (no ring)

@: mighty, brilliant, very slow
A: horns 1, demonic touch 1
a: Renounce Religion


You were on level 2 of the Dungeon.
You worshipped Cheibriados.
Cheibriados was noncommittal.
You visited 1 branch of the dungeon, and saw 5 of its levels.

You collected 33 gold pieces.


Innate Abilities, Weirdness & Mutations

You have a pair of small horns on your head.
Your touch may inflict minor irresistible damage on your foes.


   Skills:
 + Level 3.7 Fighting
 + Level 0.4(1.2) Short Blades
 - Level 1.7(1.8) Long Blades
 + Level 2.6 Dodging
 - Level 6.1 Stealth


You had 4 spell levels left.
You didn't know any spells.
Your spell library was empty.

Inventory:

Hand Weapons
 a - a +0 falchion {long}
 m - a +2 dagger of venom (weapon) {short}
   (You took it off a goblin on level 3 of the Dungeon)
Missiles
 h - 31 bolts
 j - 13 poisoned darts (quivered) {throwing}
 k - 25 arrows
Armour
 b - a +0 leather armour (worn)
 l - a +2 leather armour of fire resistance
   (You took it off an orc priest on level 3 of the Dungeon)
Wands
 g - a wand of digging (3)
Scrolls
 c - a scroll of fog
 d - a scroll of magic mapping {!r}
 f - a scroll of identify {@r1}

Dungeon Overview and Level Annotations

Branches:
Dungeon (6/15)
 Temple: D:4-7

Altars:
Cheibriados
Uskayaw
Vehumet

#.#...# #.#
#..>.# ##..
###..##...##
##......#...
###...........
##..††.........
#..........<....
...##>...........
## #...$@.......
#....OS.(....
#.$.........<
##...........
##..b..##...
......# ###
###(##.. .. ##)


You could see an ogre, a bat and a ball python (poisoned).


Message History

You hit the rat.
You kill the rat!
Cheibriados appreciates the change of pace.
The rat barely misses you. 😕 HP[+1]
You closely miss the rat.
You touch the rat.
You kill the rat!
Cheibriados appreciates the change of pace.
No target in view!
No target in view!
No target in view!
No target in view!
No target in view!
No target in view!
No target in view!
No target in view!
No target in view!
No target in view!
No target in view!
No target in view!
No target in view!
No target in view!
No target in view!
No target in view!
No target in view!
No target in view!
A worm comes into view. 😕 HP[+4]
You regained 4 hp, and now have 40/42 hp.
A worm is nearby!
A worm is nearby!
A hobgoblin comes into view.
A bat comes into view.
Found a stone staircase leading up.
An ogre comes into view. It is wielding a +0 giant club.
The worm bites you! 😮 HP[-10]
You take 10 damage, and now have 30/42 hp.
MASSIVE DAMAGE!! (PAUSE) Unknown command.
You hit the worm.
The worm is poisoned.
You headbutt the worm.
You touch the worm.
The hobgoblin shouts!
The worm closely misses you. 😮 HP[+1]
You barely miss the worm.
The ogre shouts!
You headbutt the worm.
You touch the worm.
You kill the worm!
Throw: 16 darts (poison) {throwing}
Press: ? - help, Q - select action Shift-Dir - straight line, f - ogre
Aim: an ogre, wielding a +0 giant club (74% to hit)
You throw a poisoned dart {throwing}.
The poisoned dart {throwing} hits the ogre.
The ogre is poisoned.
A ball python comes into view.
Throw: 15 darts (poison) {throwing}
Press: ? - help, Q - select action Shift-Dir - straight line, f - hobgoblin, p - ogre
Aim: a hobgoblin (59% to hit)
You throw a poisoned dart {throwing}.
The poisoned dart {throwing} hits the hobgoblin.
The hobgoblin is poisoned.
The ball python hisses angrily.
Throw: 14 darts (poison) {throwing}
Press: ? - help, Q - select action Shift-Dir - straight line, f - ball python, p - hobgoblin
Aim: a ball python (55% to hit)
You throw a poisoned dart {throwing}.
The poisoned dart {throwing} hits the ball python.
The ball python is poisoned.
It was a potion of brilliance.
You feel clever all of a sudden. The hobgoblin hits you. 😮 HP[-1]
You take 1 damage, and now have 30/42 hp.
You closely miss the hobgoblin. The hobgoblin hits you. 😮 HP[-3]
You take 3 damage, and now have 27/42 hp.
Okay, then.
Okay, then.
You hit the ogre but do no damage.
You kill the hobgoblin!
Cheibriados appreciates the change of pace.
The ogre looks more healthy.
A bat comes into view.
The ogre hits you with a +0 giant club!
* * * LOW HITPOINT WARNING * * *
😨 HP[-14]
You take 14 damage, and now have 13/42 hp.
MASSIVE DAMAGE!! (PAUSE) Unknown command.
Okay, then.
Okay, then.
It was a potion of might.
You feel very mighty all of a sudden. The ball python bites you.
* * * LOW HITPOINT WARNING * * *
The ball python barely misses you.
The ogre hits you with a +0 giant club!!
Ouch! That really hurt!
You die...

Skill      XL: |  1  2  3  4 |
---------------+-------------+-----
Stealth        | 5 6 |  6.1
Dodging        | 2 |  2.6
Fighting       | |  3.7
Short Blades   | |  0.4
Long Blades    | |  1.7

Action                   |  1- 3 |  4- 6 || total
-------------------------+-------+-------++-------
Melee: Falchion          |    18 |    31 ||    49
       Touch             |     3 |     6 ||     9
       Headbutt          |       |     9 ||     9
       Dagger            |       |    19 ||    19
Throw: Dart              |       |     3 ||     3
  Use: Scroll            |     2 |     2 ||     4
       Potion            |     2 |     2 ||     4
 Stab: Sleeping          |     1 |    10 ||    11
       Fleeing           |     1 |       ||     1
Armor: Leather armour    |     2 |    13 ||    15
Dodge: Dodged            |     8 |    30 ||    38

Levels and vault maps discovered:
D:2:      layout_rooms, serial_shops, shop_statue
D:3:      layout_loops_ring, nicolae_uskayaw_suspiria, nicolae_vehumet_radiance,
          mainiacjoe_overflow_paths, serial_bayou_pond_a
D:4:      layout_loops_ring, portal_sewer_entry_f, uniq_grinder
D:5:      layout_loops_corners
D:6:      minmay_thinvault, layout_rooms, grunt_dithmenos_smoke,
          kennysheep_vampire_church, gammafunk_ghost_smash,
          nicolae_take_the_stairs, grunt_potential

Notes
Turn   | Place    | Note
-------+----------+-------------------------------------------
     0 | D:5      | spaghetti the Demonspawn Delver began the quest for the
                  | Orb.
     0 | D:5      | Reached XP level 1. HP: 18/18 MP: 1/1
     0 | D:5      | magus.rc [v1.9.6]
     1 | D:6      | Noticed an ogre
   210 | D:4      | Reached skill level 5 in Stealth
   210 | D:4      | You feel monstrous as your demonic heritage exerts itself.
   210 | D:4      | Discovered your monstrous ancestry.
   210 | D:4      | Gained mutation: Your touch may inflict minor irresistible
                  | damage on your foes. [demonic ancestry]
   210 | D:4      | Reached XP level 2. HP: 21/24 MP: 2/2
   314 | D:4      | Noticed a scorpion
   320 | D:4      | Noticed an ogre
   324 | D:4      | HP: 6/24 [poisoned by a scorpion]
   331 | D:4      | Killed a scorpion
   332 | D:4      | Reached skill level 6 in Stealth
   332 | D:4      | Reached XP level 3. HP: 4/29 MP: 3/3
   647 | D:3      | Gained mutation: You have a pair of small horns on your
                  | head. [demonic ancestry]
   647 | D:3      | Reached XP level 4. HP: 28/35 MP: 4/4
   968 | D:3      | Found a hide-covered altar of Uskayaw.
  1047 | D:3      | Found a radiant altar of Vehumet.
  1075 | D:3      | Found a snail-covered altar of Cheibriados.
  1195 | D:3      | Reached skill level 2 in Dodging
  1207 | D:3      | Reached XP level 5. HP: 39/41 MP: 5/5
  1441 | D:3      | Became a worshipper of Cheibriados the Contemplative
  1521 | D:2      | Noticed an ogre
  1530 | D:2      | Mangled by an ogre

Vanquished Creatures
  A scorpion (D:4)
  An orc priest (D:3)
  An orc wizard (D:3)
  4 adders
  2 worms
  2 dart slugs
  2 orcs (D:3)
  2 ball pythons (D:3)
  An endoplasm (D:3)
  A giant cockroach (D:3)
  3 goblins (D:3)
  3 hobgoblins
  A kobold (D:3)
  A quokka (D:3)
  A bat (D:3)
  2 rats (D:2)
28 creatures vanquished.

Table legend:
 A = Non-vault XP
 B = Vault XP
 C = Vault XP percentage of total XP
 D = Non-vault monster count
 E = Vault monster count
 F = Vault count percentage of total count
                 A         B        C        D         E       F
            +---------+---------+-------+---------+---------+-------
      Total |     263 |       0 |   0.0 |      28 |       0 |   0.0
            +---------+---------+-------+---------+---------+-------
        D:2 |      39 |       0 |   0.0 |       7 |       0 |   0.0
        D:3 |     128 |       0 |   0.0 |      19 |       0 |   0.0
        D:4 |      96 |       0 |   0.0 |       2 |       0 |   0.0
            +---------+---------+-------+---------+---------+-------

Illustrated notes

Table legend:
 A = Kills in this place as a percentage of kills in entire the game.
 B = Kills by you in this place as a percentage of kills by you in the entire game.
 C = Kills by friends in this place as a percentage of kills by friends in the entire game.
 D = Other kills in this place as a percentage of other kills in the entire game.
 E = Experience gained in this place as a percentage of experience gained in the entire game.
 F = Experience gained in this place divided by the number of levels of this place that you have seen.
                   A       B       C       D       E      F
               +-------+-------+-------+-------+-------+----------------------
         Total | 100.0 | 100.0 |   N/A |   N/A | 100.0 |  52.6
       Dungeon | 100.0 | 100.0 |   N/A |   N/A | 100.0 |  52.6
               +-------+-------+-------+-------+-------+----------------------

Table legend: (Time is in decaauts)
 A = Elapsed time spent in this place.
 B = Non-inter-level travel time spent in this place.
 C = Inter-level travel time spent in this place.
 D = Time resting spent in this place.
 E = Time spent auto-exploring this place.
 F = Levels seen in this place.
 G = Mean time per level.
                   A        B        C        D        E       F      G
               +--------+--------+--------+--------+--------+-----+--------+
         Total |   1535 |   1484 |     51 |    385 |    892 |   5 |  307.0 |
       Dungeon |   1535 |   1484 |     51 |    385 |    892 |   5 |  307.0 |
               +--------+--------+--------+--------+--------+-----+--------+

Top non-repeatable levels by time:
     D:3: 1146 daAuts
     D:4: 312 daAuts
     D:2: 54 daAuts
     D:5: 19 daAuts
     D:6: 1 daAuts
